 Dungeon Crawl Stone Soup version 0.24.0-125-gc4c63601f3 (webtiles) character file.

Game seed: 12225331795562901678, levelgen mode: deterministic

509742 Bodigarde the Rich (level 25, -5/197 HPs)
             Began as a Gnoll Skald on Mar 5, 2020.
             Was an Initiate of Gozag.
             Killed from afar by a deep elf annihilator (68 damage)
             ... with a crystal spear
             ... led by an ironheart preserver
             ... on level 5 of the Vaults on Mar 9, 2020.
             The game lasted 04:50:59 (71440 turns).

Bodigarde the Rich (Gnoll Skald)                   Turns: 71440, Time: 04:51:00

Health: -5/197     AC: 41    Str: 20    XL:     25   Next: 49%
Magic:  37/43      EV: 22    Int: 13    God:    Gozag
Gold:   4907       SH: 20    Dex: 30    Spells: 5/56 levels left

rFire    + + +     SeeInvis +   a - +5 demon trident "Conservator" {vamp, rElec Str+2 Int-5}
rCold    + . .     Gourm    .   v - +1 shield {AC+3}
rNeg     . . .     Faith    .   H - +11 shadow dragon scales "Odekhimme" {+Inv rC+ Dex+2 Stlth++++}
rPois    .         Spirit   .   p - +2 helmet {SInv}
rElec    +         Reflect  +   y - scarf {repulsion}
rCorr    .         Harm     .   R - +1 pair of gloves "Osidet" {rF+ Dex+3}
MR       ++...                  i - +2 pair of boots {run}
Stlth    ++++++++..             e - amulet of Toul Wao {Reflect rF+ Dex+5 Slay+2 SH+3}
HPRegen  0.42/turn              h - ring "Yshrizxa" {rElec rF++ MR+}
MPRegen  0.28/turn              D - +6 ring of slaying

@: gold aura, very slightly contaminated, invisible, repel missiles, quick
A: distributed training, fangs 1, strong nose
}: 2/15 runes: barnacled, gossamer
a: Potion Petition, Call Merchant, Bribe Branch, Renounce Religion


You were on level 5 of the Vaults.
You worshipped Gozag.
Gozag was most pleased with you.
You were not hungry.

You visited 7 branches of the dungeon, and saw 41 of its levels.
You also visited: Bailey.

You collected 24532 gold pieces.
You spent 9214 gold pieces at shops.
You paid 10411 gold pieces to Gozag.

Inventory:

Hand Weapons
 a - the +5 demon trident "Conservator" (weapon) {vamp, rElec Str+2 Int-5}
   (You bought it in a shop on level 2 of the Lair of Beasts)

   It inflicts no extra harm, but heals its wielder when it wounds a living foe.
   It affects your strength (+2).
   It affects your intelligence (-5).
   It insulates you from electricity.
 b - the +4 hand crossbow "Biysec" {speed, Dex+5}
   (You bought it in a shop on level 2 of the Lair of Beasts)

   Attacks with this weapon are significantly faster.
   It affects your dexterity (+5).
 c - a +1 sacred scourge of holy wrath
Missiles
 m - 15 throwing nets
 J - 30 curare-tipped darts
 T - 84 boomerangs (quivered)
 Z - 1187 bolts
Armour
 i - a +2 pair of boots of running (worn)
 p - a +2 helmet of see invisible (worn)
 v - a +1 shield of protection (worn)
 x - a scarf of cloud immunity
 y - a scarf of repulsion (worn)
 H - the +11 shadow dragon scales "Odekhimme" (worn) {+Inv rC+ Dex+2 Stlth++++}
   (You bought it in a shop on level 11 of the Dungeon)

   It affects your dexterity (+2).
   It protects you from cold.
   It lets you turn invisible.
   It makes you much more stealthy.
 R - the +1 pair of gloves "Osidet" (worn) {rF+ Dex+3}
   (You bought it in a shop on level 1 of the Depths)

   It affects your dexterity (+3).
   It protects you from fire.
Jewellery
 e - the amulet of Toul Wao (around neck) {Reflect rF+ Dex+5 Slay+2 SH+3}
   (You bought it in a shop on level 4 of the Vaults)

   [amulet of reflection]

   It shields you and reflects attacks.
   It affects your dexterity (+5).
   It affects your accuracy and damage with ranged weapons and melee attacks
   (+2).
   It protects you from fire.
   It affects your SH (+3).
 h - the ring "Yshrizxa" (left hand) {rElec rF++ MR+}
   (You bought it in a shop on level 2 of the Orcish Mines)

   [ring of protection from magic]

   It greatly protects you from fire.
   It insulates you from electricity.
   It affects your resistance to hostile enchantments.
 q - an uncursed ring of resist corrosion
 r - the ring "Pehuutue" {rPois MR+}
   (You acquired it on level 3 of the Vaults)

   [ring of poison resistance]

   It protects you from poison.
   It affects your resistance to hostile enchantments.
 D - a +6 ring of slaying (right hand)
Wands
 o - a wand of scattershot (16)
 w - a wand of paralysis (51)
 C - a wand of acid (36)
 O - a wand of iceblast (27)
 V - a wand of clouds (3)
Scrolls
 j - 22 scrolls of remove curse
 l - 2 scrolls of silence
 t - 10 scrolls of magic mapping
 E - 2 scrolls of holy word
 F - 10 scrolls of identify
 M - 8 scrolls of blinking
 P - 9 scrolls of teleportation
 Q - 7 scrolls of fog
 U - 5 scrolls of fear
 Y - a scroll of summoning
Potions
 g - 18 potions of curing
 n - 6 potions of cancellation
 s - 2 potions of invisibility
 u - 9 potions of ambrosia
 z - 3 potions of magic
 A - 7 potions of mutation
 B - 4 potions of might
 G - 11 potions of agility
 I - 10 potions of heal wounds
 K - 6 potions of flight
 L - 5 potions of haste
 N - 5 potions of berserk rage
Miscellaneous
 k - a fan of gales
 S - a lamp of fire
 W - a phial of floods
 X - 2 sacks of spiders
Comestibles
 d - 15 rations


   Skills:
 + Level 16.3 Fighting
 + Level 15.8 Short Blades
 + Level 15.8 Long Blades
 + Level 15.8 Axes
 + Level 15.8 Maces & Flails
 + Level 16.3 Polearms
 + Level 15.8 Staves
 + Level 15.8 Slings
 + Level 15.8 Bows
 + Level 15.8 Crossbows
 + Level 15.8 Throwing
 + Level 15.9 Armour
 + Level 16.3 Dodging
 + Level 15.8 Stealth
 + Level 15.8 Shields
 + Level 15.8 Unarmed Combat
 + Level 16.3 Spellcasting
 + Level 13.6 Conjurations
 + Level 13.6 Hexes
 + Level 14.4 Charms
 + Level 13.6 Summonings
 + Level 13.6 Necromancy
 + Level 13.6 Translocations
 + Level 13.6 Transmutations
 + Level 13.6 Fire Magic
 + Level 13.6 Ice Magic
 + Level 13.6 Air Magic
 + Level 13.6 Earth Magic
 + Level 13.6 Poison Magic
 + Level 17.0 Invocations
 + Level 15.8 Evocations


You had 5 spell levels left.
You knew the following spells:

 Your Spells              Type           Power        Failure   Level  Hunger
a - Infusion              Chrm           ####         1%          1    None
b - Shroud of Golubria    Chrm/Tloc      #####.       1%          2    None
c - Spectral Weapon       Hex/Chrm       #####...     1%          3    None
d - Regeneration          Chrm/Necr      #####.....   1%          3    None
e - Blink                 Tloc           N/A          1%          2    None
f - Apportation           Tloc           #####.       1%          1    None
g - Passwall              Tmut/Erth      #####...     1%          2    None
h - Summon Butterflies    Summ           #####...     1%          1    None
i - Passage of Golubria   Tloc           N/A          1%          4    ##.....
j - Leda's Liquefaction   Hex/Erth       #####.....   1%          4    ##.....
k - Cause Fear            Hex            #####.....   1%          4    ##.....
l - Olgreb's Toxic Radia  Pois           #####...     1%          4    ##.....
m - Song of Slaying       Chrm           #####...     1%          2    None
n - Confusing Touch       Hex            #####.       1%          1    None
o - Summon Mana Viper     Hex/Summ       #####...     3%          5    ####...
p - Deflect Missiles      Chrm/Air       #####.....   14%         6    ######.
q - Statue Form           Tmut/Erth      #####....    17%         6    ######.

Your spell library contained the following spells:

 Spells                   Type           Power        Failure   Level  Hunger
 Animate Skeleton         Necr           N/A          1%          1    None
 Corona                   Hex            #####..      1%          1    None
 Flame Tongue             Conj/Fire      #####        1%          1    None
 Magic Dart               Conj           ####         1%          1    None
 Pain                     Necr           ####         1%          1    None
 Sandblast                Erth           #####.       1%          1    None
 Shock                    Conj/Air       ####         1%          1    None
 Sting                    Conj/Pois      ####         1%          1    None
 Summon Small Mammal      Summ           ####         1%          1    None
 Corpse Rot               Necr           N/A          1%          2    None
 Ensorcelled Hibernation  Hex/Ice        #####.       1%          2    None
 Poisonous Vapours        Pois/Air       #####.       1%          2    None
 Searing Ray              Conj           #####.       1%          2    None
 Sublimation of Blood     Necr           #####.....   1%          2    None
 Throw Flame              Conj/Fire      #####.       1%          2    None
 Confuse                  Hex            #####...     1%          3    None
 Conjure Flame            Conj/Fire      #####...     1%          3    None
 Dazzling Spray           Conj/Hex       #####.       1%          3    None
 Gell's Gravitas          Tloc           #####.....   1%          3    None
 Inner Flame              Hex/Fire       #####...     1%          3    None
 Lesser Beckoning         Tloc           #####.....   1%          3    None
 Mephitic Cloud           Conj/Pois/Air  #####...     1%          3    None
 Static Discharge         Conj/Air       #####...     1%          3    None
 Stone Arrow              Conj/Erth      #####.       1%          3    None
 Teleport Other           Tloc           #####...     1%          3    None
 Tukima's Dance           Hex            #####...     1%          3    None
 Vampiric Draining        Necr           #####.....   1%          3    None
 Animate Dead             Necr           N/A          1%          4    ##.....
 Force Lance              Conj/Tloc      #####...     1%          4    ##.....
 Fulminant Prism          Conj/Hex       #####.....   1%          4    ##.....
 Iskenderun's Mystic Bla  Conj           #####...     1%          4    ##.....
 Petrify                  Tmut/Erth      #####...     1%          4    ##.....
 Sticky Flame             Conj/Fire      #####...     1%          4    ##.....
 Excruciating Wounds      Chrm/Necr      #####.....   2%          5    ####...
 Iskenderun's Battlesphe  Conj/Chrm      #####...     2%          5    ####...
 Agony                    Necr           #####...     3%          5    ####...
 Alistair's Intoxication  Tmut/Pois      #####...     3%          5    ####...
 Bolt of Draining         Conj/Necr      #####.....   3%          5    ####...
 Bolt of Magma            Conj/Fire/Erth #####.....   3%          5    ####...
 Dispel Undead            Necr           #####...     3%          5    ####...
 Fireball                 Conj/Fire      #####.....   3%          5    ####...
 Irradiate                Conj/Tmut      #####.....   3%          5    ####...
 Lee's Rapid Deconstruct  Erth           #####.....   3%          5    ####...
 Lightning Bolt           Conj/Air       #####.....   3%          5    ####...
 Silence                  Hex/Air        #####.....   3%          5    ####...
 Summon Forest            Summ/Tloc      #####.....   3%          5    ####...
 Venom Bolt               Conj/Pois      #####.....   3%          5    ####...
 Yara's Violent Unravell  Hex/Tmut       #####.....   3%          5    ####...
 Darkness                 Hex            #####.....   17%         6    ######.
 Hydra Form               Tmut           #####.....   17%         6    ######.
 Invisibility             Hex            #####...     17%         6    ######.
 Iron Shot                Conj/Erth      #####.....   17%         6    ######.
 Poison Arrow             Conj/Pois      #####.....   17%         6    ######.
 Ring of Flames           Chrm/Fire      #####.....   63%         7    #######
 Dragon Form              Tmut           #####.....   67%         7    #######
 Haunt                    Necr/Summ      #####.....   67%         7    #######
 Summon Hydra             Summ           #####.....   67%         7    #######
 Death's Door             Chrm/Necr      #####.....   99%         8    #######
 Borgnjor's Revivificati  Necr           #####.....   100%        8    #######
 Chain Lightning          Conj/Air       #####.....   100%        8    #######
 Controlled Blink         Tloc           N/A          100%        8    #######
 Discord                  Hex            #####.....   100%        8    #######
 Ignition                 Fire           #####.....   100%        8    #######
 Infestation              Necr           #####.....   100%        8    #######
 Lehudib's Crystal Spear  Conj/Erth      #####.....   100%        8    #######
 Necromutation            Tmut/Necr      #####.....   100%        8    #######
 Fire Storm               Conj/Fire      #####.....   100%        9    #######
 Glaciate                 Conj/Ice       #####.....   100%        9    #######
 Shatter                  Erth           #####.....   100%        9    #######
 Tornado                  Air            #####.....   100%        9    #######


Dungeon Overview and Level Annotations

Branches:
Dungeon (15/15)            Temple (0/1) D:7            Lair (6/6) D:10
 Shoals (4/4) Lair:4       Spider (4/4) Lair:3        Slime (0/5) Lair:6
    Orc (2/2) D:11            Elf (0/3) Orc:2        Vaults (5/5) D:13
  Crypt (0/3) Vaults:2     Depths (5/5) D:15            Zot (0/5) Depths:5
 Bailey (visited)

Altars:
Fedhas
Gozag
Hepliaklqana
Kikubaaqudgha
Makhleb
Qazlal
Ru
Sif Muna
Trog
Uskayaw
Yredelemnul
Zin
Beogh
Jiyva

Shops:
D:9 [   D:11 [   D:13 ?   D:15 [   Orc:2 !=*=(   Lair:2 (   Shoals:3 [
Shoals:4 [   Vaults:3 *   Vaults:4 %=[(   Depths:1 *[[

Portals:
Hell: Depths:1 Depths:2 Depths:3 Depths:4 Depths:5
Abyss: Depths:3 Depths:4
Pandemonium: Depths:3 Depths:4
Ziggurat: Depths:2

Annotations:
D:14 1 runed translucent door
Lair:1 3 runed translucent doors, Curus's ghost, novice MiMo
Lair:6 1 runed translucent door
Depths:1 3 runed translucent doors, Aptuppu's ghost, adept DgCj; Cimmios's ghost, veteran BaIE; Ydikaet's ghost, veteran TrMo; seehj's ghost, adept HOFE
Depths:2 1 runed translucent door, dracomuter's ghost, veteran TrCK


Innate Abilities, Weirdness & Mutations

Your experience applies equally to all skills.
You have very sharp teeth.
Your uncanny sense of smell can sniff out nearby items.


Message History

The deep elf annihilator is no longer distracted by gold.
You block the titan's attack.
The deep elf knight becomes distracted by the nearby gold, dreaming of imaginary riches.
You block the deep elf annihilator's attack.
The deep elf knight gestures wildly while chanting.
The deep elf knight flickers and vanishes for a moment.
A vault warden comes into view. It is wielding a +0 war axe.
The deep elf knight shouts!
You puncture the titan!
You feel better.
You bite the titan.
The titan is moderately wounded.
The titan hits you!
* * * LOW HITPOINT WARNING * * *
Unknown command.
You puncture the titan!
You feel better.
The titan is heavily wounded.
The deep elf archer is no longer distracted by gold.
The deep elf annihilator casts a spell at you.
The crystal spear hits you!!!
You die...
Your body crumbles into a pile of gold.

#.. ..# ∆
#..#..#
#..#..#
####..#..#
.....#..#
p.....#
#######e..W#
.......e.Ce#
...!.eeeHp@#
############


You could see an ironheart preserver, a titan, a sphinx, a vault warden, 2 deep
elf annihilators, a deep elf archer, 2 deep elf knights, a freezing wraith and a
deep elf mage.

Vanquished Creatures
  Mara (Vaults:4)
  2 juggernauts
  A caustic shrike (Depths:4)
  A golden dragon (Depths:4)
  Nikola (Spider:4)
  2 bone dragons (Depths:5)
  3 liches
  4 tentacled monstrosities
  A deep elf blademaster (Depths:3)
  A titan (Depths:3)
  4 sphinxes
  2 krakens (Shoals:4)
  Gastronok (D:8)
  A storm dragon (shapeshifter) (Depths:3)
  2 shadow dragons
  2 storm dragons
  Donald (Spider:3)
  4 tengu reavers
  2 draconian monks (Depths:5)
  2 daevas (Depths:1)
  13 fire giants
  12 frost giants
  7 vault wardens
  A draconian shifter (Depths:5)
  2 iron dragons (shapeshifter) (Depths:3)
  6 emperor scorpions
  2 orc warlords
  6 ghost moths
  2 spriggan defenders
  A caustic shrike skeleton (Depths:4)
  An angel (Depths:1)
  13 ironheart preservers
  16 very ugly things
  A juggernaut skeleton (Depths:4)
  5 war gargoyles
  16 stone giants
  4 entropy weavers
  2 green draconians (Depths:5)
  2 black draconians (Depths:5)
  A deep elf demonologist (Vaults:2)
  2 vampire knights
  15 spark wasps
  Nessos (D:13)
  2 deep elf annihilators (Depths:3)
  2 yellow draconians (Depths:5)
  3 merfolk javelineers
  2 crystal guardians (Depths:3)
  A deep elf death mage (Depths:3)
  27 ettins
  6 merfolk impalers
  3 deep elf high priests
  7 fire dragons
  14 yaktaur captains
  10 great orbs of eyes
  9 vault guards
  14 ice dragons
  3 rakshasas
  A juggernaut simulacrum (Depths:3)
  10 centaur warriors
  5 hydras
  3 death knights
  A merfolk avatar (Shoals:3)
  A queen ant (Lair:6)
  2 satyrs
  The ghost of matti1234 the Covert, a journeyman OpWr of Gozag (D:11)
  3 spriggan air magi
  14 death yaks
  4 merfolk aquamancers (Shoals:4)
  15 ogre magi
  43 two-headed ogres
  3 tengu warriors
  12 deep troll earth magi
  12 deep troll shamans
  4 orc high priests (Orc:2)
  3 vampire magi
  Sonja (Lair:4)
  A shock serpent (Depths:3)
  2 hell knights (Depths:3)
  A storm dragon zombie (Vaults:3)
  6 deep elf knights
  11 spriggan berserkers
  8 spriggans
  A fire crab (shapeshifter) (Depths:1)
  A salamander mystic (Depths:2)
  10 sea snakes
  The ghost of Johnny the Geomancer, a novice DgEE (D:8)
  2 iron trolls
  2 shadow wraiths
  4 glowing orange brains
  26 deep trolls
  9 skeletal warriors
  A swamp dragon (Lair:6)
  5 flayed ghosts
  A glowing orange brain (shapeshifter) (D:15)
  8 deep elf archers
  3 unseen horrors
  A shadow dragon zombie (Depths:4)
  A swamp dragon (shapeshifter) (Vaults:2)
  9 ironbrand convokers
  12 orc knights
  3 phantasmal warriors
  2 lindwurms (Lair:2)
  A mana viper (Depths:3)
  45 wolf spiders
  20 harpies
  5 necromancers
  2 wizards
  A fire giant zombie (Depths:1)
  An orb spider (shapeshifter) (Vaults:3)
  16 orb spiders
  3 oklob plants (Lair:1)
  12 deep elf magi
  13 manticores
  3 fauns (shapeshifter)
  19 ugly things
  5 orc sorcerers
  10 cyclopes
  3 salamanders (Depths:2)
  An elephant (Lair:2)
  A guardian serpent (Lair:6)
  9 fauns
  A spriggan zombie (Depths:4)
  An eye of devastation (shapeshifter) (Depths:5)
  13 vault sentinels
  8 black mambas
  7 water nymphs
  A naga mage (Depths:3)
  A frost giant skeleton (Vaults:3)
  2 gargoyles
  A guardian serpent (shapeshifter) (Vaults:3)
  3 torpor snails
  14 spiny frogs
  13 merfolk sirens
  A smoke demon (Depths:2)
  A human zombie (Vaults:3)
  A rime drake (shapeshifter) (Vaults:4)
  7 komodo dragons
  The ghost of matti1234 the Sneak, a novice OpWr (D:4)
  8 rime drakes
  5 freezing wraiths
  46 yaktaurs
  10 demonic crawlers
  3 kobold demonologists (D:11)
  8 tengu conjurers
  A red devil (Depths:2)
  A polar bear (Lair:6)
  8 trolls
  29 merfolk
  9 meliai
  A hornet (shapeshifter) (D:13)
  22 hornets
  2 polar bears (shapeshifter)
  7 wind drakes
  Grinder (D:5)
  A tengu simulacrum (Vaults:1)
  A stone giant simulacrum (Vaults:1)
  36 jumping spiders
  29 slime creatures
  10 snapping turtles
  A raiju (shapeshifter) (Depths:1)
  2 hippogriffs (shapeshifter)
  A dream sheep (shapeshifter) (Depths:1)
  8 blink frogs
  13 dream sheep
  17 hippogriffs
  A flying skull (Vaults:2)
  2 spriggans (shapeshifter)
  17 water elementals
  A tarantella (shapeshifter) (D:13)
  An ice dragon skeleton (Depths:1)
  A shadow (D:13)
  56 redbacks
  A fire dragon skeleton (Depths:1)
  31 tarantellas
  An elf simulacrum (Depths:4)
  A vampire (D:14)
  22 wyverns
  3 wraiths
  An ettin skeleton (Depths:1)
  2 basilisks (D:15)
  36 yaks
  A basilisk (shapeshifter) (Depths:5)
  A yak (shapeshifter) (Vaults:2)
  2 vampire mosquitoes (D:14)
  A human (shapeshifter) (D:13)
  2 steam dragons (Lair:6)
  2 hungry ghosts
  9 wargs
  A harpy simulacrum (Depths:3)
  A soldier ant (shapeshifter) (Vaults:2)
  3 acid dragons
  5 soldier ants (Lair:6)
  3 hell hounds
  A human skeleton (Depths:1)
  18 water moccasins
  10 porcupines
  A swamp drake (Lair:6)
  A tengu skeleton (Depths:1)
  A floating eye (Depths:4)
  71 orc warriors
  4 black bears
  47 ogres
  3 ice beasts
  5 sky beasts
  5 phantoms
  An ice dragon simulacrum (Depths:1)
  A hornet zombie (D:15)
  An eye of draining (D:8)
  4 wolves (Lair:6)
  A necrophage (D:8)
  28 centaurs
  A tengu (shapeshifter) (Vaults:4)
  8 boggarts (Depths:1)
  11 crocodiles
  11 big kobolds
  15 bullfrogs
  2 wyvern zombies (D:12)
  A wyvern skeleton (D:9)
  32 scorpions
  4 killer bees (D:9)
  8 wights
  3 electric eels
  6 crimson imps
  3 centaur zombies
  A bullfrog zombie (D:5)
  7 hounds
  5 jellies
  34 orc priests
  3 centaur skeletons
  An iron imp (Depths:4)
  4 bullfrog skeletons
  An iguana (D:9)
  27 orc wizards
  A gnoll shaman (D:9)
  15 worker ants
  3 bullfrog simulacra (D:4)
  A hound skeleton (D:5)
  A spectral howler monkey (D:8)
  2 worker ant zombies (D:6)
  14 gnolls
  A howler monkey skeleton (D:7)
  8 adders
  3 shadow imps
  A white imp (D:4)
  2 worker ant simulacra
  An adder zombie (D:5)
  4 adder skeletons
  3 dart slugs
  3 worms
  An adder simulacrum (D:4)
  5 leopard geckos
  163 orcs
  4 bats
  2 giant cockroaches
  31 goblins
  17 hobgoblins
  10 jackals
  17 kobolds
  2 quokkas
  5 ball pythons
  A ball python simulacrum (D:4)
  2 frilled lizards
  A jackal skeleton (D:5)
  A leopard gecko simulacrum (D:4)
  A leopard gecko zombie (D:8)
  5 rats
  A plant (Lair:6)
  8 tentacles (Shoals:4)
2006 creatures vanquished.

Vanquished Creatures (collateral kills)
  An ugly thing (Vaults:2)
1 creature vanquished.

Vanquished Creatures (others)
  An ogre mage (Vaults:4)
  3 dancing weapons (Depths:3)
  A shadow wraith (Vaults:3)
  An ogre (Vaults:4)
  An orc priest (Orc:2)
  An orc wizard (D:10)
  4 orcs
  57 fungi
  65 plants
  107 spectral weapons
  22 tentacles (Shoals:4)
  10 toadstools (Lair:2)
273 creatures vanquished.

Grand Total: 2280 creatures vanquished

Notes
Turn   | Place    | Note
-------+----------+-------------------------------------------
     0 | D:1      | Bodigarde the Gnoll Skald began the quest for the Orb.
     0 | D:1      | Reached XP level 1. HP: 20/20 MP: 6/6
    79 | D:1      | Reached XP level 2. HP: 16/26 MP: 7/7
   248 | D:1      | Learned a level 2 spell: Shroud of Golubria
   615 | D:1      | Reached XP level 3. HP: 31/31 MP: 9/9
   712 | D:1      | Learned a level 3 spell: Spectral Weapon
   716 | D:1      | Learned a level 3 spell: Regeneration
   743 | D:2      | Reached skill level 5 in Spellcasting
  1219 | D:2      | Reached skill level 1 in Invocations
  1505 | D:2      | Reached skill level 1 in Short Blades
  1505 | D:2      | Reached skill level 1 in Long Blades
  1505 | D:2      | Reached skill level 1 in Axes
  1505 | D:2      | Reached skill level 1 in Maces & Flails
  1505 | D:2      | Reached skill level 1 in Staves
  1505 | D:2      | Reached skill level 1 in Slings
  1505 | D:2      | Reached skill level 1 in Bows
  1505 | D:2      | Reached skill level 1 in Crossbows
  1505 | D:2      | Reached skill level 1 in Throwing
  1505 | D:2      | Reached skill level 1 in Stealth
  1505 | D:2      | Reached skill level 1 in Shields
  1505 | D:2      | Reached skill level 1 in Unarmed Combat
  1505 | D:2      | Reached skill level 1 in Evocations
  1505 | D:2      | Reached XP level 4. HP: 34/38 MP: 11/11
  2800 | D:4      | Noticed an ogre
  3195 | D:4      | Noticed matti1234's ghost (novice OpWr)
  3248 | D:4      | Found a runed translucent gate.
  3248 | D:4      | Found a runed translucent gate.
  3248 | D:4      | Found a runed translucent gate.
  3257 | D:4      | Reached skill level 1 in Conjurations
  3257 | D:4      | Reached skill level 1 in Hexes
  3257 | D:4      | Reached skill level 1 in Summonings
  3257 | D:4      | Reached skill level 1 in Necromancy
  3257 | D:4      | Reached skill level 1 in Translocations
  3257 | D:4      | Reached skill level 1 in Transmutations
  3257 | D:4      | Reached skill level 1 in Fire Magic
  3257 | D:4      | Reached skill level 1 in Ice Magic
  3257 | D:4      | Reached skill level 1 in Air Magic
  3257 | D:4      | Reached skill level 1 in Earth Magic
  3257 | D:4      | Reached skill level 1 in Poison Magic
  3412 | D:4      | Found an opulent altar of Gozag.
  3417 | D:4      | Found a hazy altar of Hepliaklqana.
  3421 | D:4      | Became a worshipper of Gozag Ym Sagoz the Greedy
  3783 | D:5      | Entered Level 5 of the Dungeon
  3821 | D:5      | Reached XP level 5. HP: 23/43 MP: 12/12
  4262 | D:5      | Noticed a centaur
  4275 | D:5      | Killed a centaur
  4275 | D:5      | Reached skill level 2 in Invocations
  4275 | D:5      | Reached XP level 6. HP: 46/50 MP: 10/14
  4294 | D:5      | Got a heavily runed scale mail
  4309 | D:5      | Identified the +1 scale mail of Hated {rElec rN+ Int-2
                  | Stlth+} (You found it on level 5 of the Dungeon)
  4365 | D:5      | Reached skill level 5 in Fighting
  4365 | D:5      | Reached skill level 5 in Polearms
  4365 | D:5      | Reached skill level 5 in Dodging
  4481 | D:5      | Noticed Grinder
  4540 | D:5      | Found a bloodstained altar of Trog.
  4690 | D:5      | Reached XP level 7. HP: 16/56 MP: 10/15
  5359 | D:6      | Found a blossoming altar of Fedhas.
  5701 | D:6      | Reached skill level 3 in Invocations
  5788 | D:6      | Reached XP level 8. HP: 38/63 MP: 12/16
  6748 | D:6      | Found a stormy altar of Qazlal.
  6748 | D:6      | Found an ancient bone altar of Kikubaaqudgha.
  6780 | D:6      | Found a hide-covered altar of Uskayaw.
  6780 | D:6      | Found a basalt altar of Yredelemnul.
  6848 | D:6      | Identified Sif Muna's Volume of the Traveller and the
                  | Volcanoes
  7183 | D:7      | Noticed a hippogriff
  7197 | D:7      | Killed a hippogriff
  7197 | D:7      | Reached skill level 4 in Invocations
  7197 | D:7      | Reached XP level 9. HP: 61/69 MP: 7/18
  7729 | D:7      | Found a staircase to the Ecumenical Temple.
  7877 | D:7      | Found a glowing silver altar of Zin.
  8173 | D:7      | Found a burning altar of Makhleb.
  8334 | D:8      | Noticed a two-headed ogre
  8372 | D:8      | Killed a two-headed ogre
  8372 | D:8      | Reached skill level 5 in Armour
  8539 | D:8      | Found a runed translucent gate.
  8541 | D:8      | Found a runed translucent gate.
  8548 | D:8      | Found a runed translucent gate.
  8570 | D:8      | Reached skill level 5 in Invocations
  8666 | D:8      | Learned a level 2 spell: Blink
  8809 | D:8      | Noticed Gastronok
  8873 | D:8      | Reached XP level 10. HP: 77/77 MP: 20/20
  9040 | D:8      | Noticed Johnny's ghost (novice DgEE)
  9369 | D:5      | Paralysed by Grinder for 4 turns
  9373 | D:5      | Killed Grinder
  9889 | D:9      | Found Cuenwi's Armour Shoppe.
  9898 | D:9      | Bought a +2 cloak of invisibility for 322 gold pieces
  9901 | D:9      | Noticed a two-headed ogre
  9912 | D:9      | Killed a two-headed ogre
  9912 | D:9      | Reached skill level 5 in Short Blades
  9912 | D:9      | Reached skill level 5 in Long Blades
  9912 | D:9      | Reached skill level 5 in Axes
  9912 | D:9      | Reached skill level 5 in Maces & Flails
  9912 | D:9      | Reached skill level 5 in Staves
  9912 | D:9      | Reached skill level 5 in Slings
  9912 | D:9      | Reached skill level 5 in Bows
  9912 | D:9      | Reached skill level 5 in Crossbows
  9912 | D:9      | Reached skill level 5 in Throwing
  9912 | D:9      | Reached skill level 5 in Stealth
  9912 | D:9      | Reached skill level 5 in Shields
  9912 | D:9      | Reached skill level 5 in Unarmed Combat
  9912 | D:9      | Reached skill level 5 in Evocations
 10121 | D:9      | Bought a +0 helmet for 67 gold pieces
 11092 | D:10     | Entered Level 10 of the Dungeon
 11212 | D:10     | Found a glowing silver altar of Zin.
 11283 | D:10     | Reached skill level 6 in Invocations
 11479 | D:10     | Found a staircase to the Lair.
 12185 | D:10     | Learned a level 1 spell: Apportation
 12208 | Lair:1   | Entered Level 1 of the Lair of Beasts
 12226 | Lair:1   | Noticed a six-headed hydra
 12234 | Lair:1   | Noticed a spiny frog
 12243 | Lair:1   | Killed a spiny frog
 12250 | Lair:1   | Reached XP level 11. HP: 65/84 MP: 12/22
 12259 | Lair:1   | Noticed an eight-headed hydra
 12351 | Lair:1   | Noticed a five-headed hydra
 12359 | Lair:1   | Killed a five-headed hydra
 12471 | Lair:1   | Noticed a six-headed hydra
 12674 | Lair:1   | Killed an eight-headed hydra
 12674 | Lair:1   | Reached skill level 5 in Conjurations
 12674 | Lair:1   | Reached skill level 5 in Hexes
 12674 | Lair:1   | Reached skill level 5 in Summonings
 12674 | Lair:1   | Reached skill level 5 in Necromancy
 12674 | Lair:1   | Reached skill level 5 in Translocations
 12674 | Lair:1   | Reached skill level 5 in Transmutations
 12674 | Lair:1   | Reached skill level 5 in Fire Magic
 12674 | Lair:1   | Reached skill level 5 in Ice Magic
 12674 | Lair:1   | Reached skill level 5 in Air Magic
 12674 | Lair:1   | Reached skill level 5 in Earth Magic
 12674 | Lair:1   | Reached skill level 5 in Poison Magic
 13487 | D:9      | Bought a +1 leather armour of cold resistance for 210 gold
                  | pieces
 13501 | D:9      | Bought a +2 ring mail of magic resistance for 315 gold
                  | pieces
 13764 | D:10     | Found a shimmering blue altar of Sif Muna.
 13855 | D:10     | Killed an unseen horror
 14270 | Lair:1   | Noticed an oklob plant
 14289 | Lair:1   | Reached skill level 7 in Invocations
 14665 | Lair:1   | Found a runed translucent gate.
 14671 | Lair:1   | Found a runed translucent gate.
 14671 | Lair:1   | Noticed a death ooze
 14672 | Lair:1   | Found a runed translucent gate.
 14672 | Lair:1   | Noticed Curus's ghost (novice MiMo)
 14674 | Lair:1   | Found a viscous altar of Jiyva.
 14683 | Lair:1   | Noticed a four-headed hydra
 14707 | Lair:1   | Killed a four-headed hydra
 15191 | Lair:1   | Killed a six-headed hydra
 15850 | Lair:1   | Killed an oklob plant
 15850 | Lair:1   | Reached XP level 12. HP: 93/93 MP: 24/24
 16814 | D:8      | Killed Gastronok
 18333 | Lair:2   | Reached skill level 8 in Invocations
 18390 | Lair:2   | Bought an ichor-stained demon trident for 520 gold pieces
 18390 | Lair:2   | Identified the +5 demon trident "Conservator" {vamp, rElec
                  | Str+2 Int-5} (You bought it in a shop on level 2 of the
                  | Lair of Beasts)
 18570 | Lair:2   | Found a runed translucent door.
 19361 | Lair:3   | You fall into a shaft and drop 3 floors!
 19361 | Lair:6   | Entered Level 6 of the Lair of Beasts
 19405 | Lair:6   | Got an iridescent hunting sling
 19852 | Lair:6   | Paralysed by a hornet for 3 turns
 19856 | Lair:6   | Reached XP level 13. HP: 77/101 MP: 23/26
 20018 | Lair:6   | Noticed an entropy weaver
 20024 | Lair:6   | Noticed an entropy weaver
 20034 | Lair:6   | Killed an entropy weaver
 20040 | Lair:6   | Killed an entropy weaver
 20500 | Lair:5   | Identified the +6 hunting sling "Wiamebb" {flame, Str+2}
                  | (You found it on level 6 of the Lair of Beasts)
 20856 | Lair:3   | Reached skill level 9 in Invocations
 20863 | Lair:3   | Found a hole to the Spider Nest.
 22125 | Lair:2   | Bought a runed fustibalus for 468 gold pieces
 22125 | Lair:2   | Bought a bloodstained hand crossbow for 221 gold pieces
 22126 | Lair:2   | Identified the +4 hand crossbow "Biysec" {speed, Dex+5}
                  | (You bought it in a shop on level 2 of the Lair of Beasts)
 22889 | Lair:2   | HP: 1/101 [lindwurm (8)]
 23583 | Lair:4   | Noticed Sonja
 23593 | Lair:4   | Killed Sonja
 23760 | Lair:4   | Found a staircase to the Shoals.
 24411 | Lair:5   | Learned a level 2 spell: Passwall
 24413 | Lair:5   | Learned a level 1 spell: Summon Butterflies
 24418 | Lair:5   | Learned a level 4 spell: Passage of Golubria
 25279 | Lair:6   | Reached skill level 10 in Spellcasting
 25378 | Lair:6   | Reached XP level 14. HP: 88/109 MP: 25/28
 25525 | Lair:6   | Reached skill level 10 in Fighting
 25525 | Lair:6   | Reached skill level 10 in Polearms
 25525 | Lair:6   | Reached skill level 10 in Dodging
 26530 | Lair:6   | Found a runed translucent door.
 26530 | Lair:6   | Found a viscous altar of Jiyva.
 26530 | Lair:6   | Noticed an azure jelly
 26531 | Lair:6   | Found a staircase to the Slime Pits.
 26531 | Lair:6   | Noticed an azure jelly
 26531 | Lair:6   | Noticed an azure jelly
 26658 | Lair:6   | Reached skill level 10 in Invocations
 27753 | D:4      | Killed matti1234's ghost
 27924 | D:8      | Killed Johnny's ghost
 28240 | D:11     | Found a flagged portal.
 28273 | Bailey   | Entered a bailey
 28544 | Bailey   | Noticed an orc warlord
 28587 | Bailey   | Killed an orc warlord
 29150 | D:11     | Found a staircase to the Orcish Mines.
 29222 | D:11     | Bought a +2 helmet of see invisible for 215 gold pieces
 29222 | D:11     | Bought a +1 shield of protection for 165 gold pieces
 29222 | D:11     | Bought the +11 shadow dragon scales "Odekhimme" {+Inv rC+
                  | Dex+2 Stlth++++} for 1379 gold pieces
 30051 | D:11     | Found a runed translucent gate.
 30051 | D:11     | Found a runed translucent gate.
 30051 | D:11     | Found a runed translucent gate.
 30051 | D:11     | Noticed matti1234's ghost (journeyman OpWr)
 30415 | Orc:1    | Entered Level 1 of the Orcish Mines
 30502 | Orc:1    | You fall into a shaft and drop 1 floor!
 30502 | Orc:2    | Entered Level 2 of the Orcish Mines
 31162 | Orc:2    | Found a staircase to the Elven Halls.
 31217 | Orc:2    | Reached XP level 15. HP: 117/117 MP: 26/29
 31479 | Orc:2    | Reached skill level 10 in Armour
 31498 | Orc:2    | Noticed an orc warlord
 31514 | Orc:2    | Killed an orc warlord
 31616 | Orc:2    | Found a roughly hewn altar of Beogh.
 31665 | Orc:2    | Found Ymicub's Distillery.
 31785 | Orc:2    | Reached skill level 10 in Charms
 31785 | Orc:2    | Reached XP level 16. HP: 124/124 MP: 29/31
 31786 | Orc:2    | Reached skill level 10 in Short Blades
 31786 | Orc:2    | Reached skill level 10 in Long Blades
 31786 | Orc:2    | Reached skill level 10 in Axes
 31786 | Orc:2    | Reached skill level 10 in Maces & Flails
 31786 | Orc:2    | Reached skill level 10 in Staves
 31786 | Orc:2    | Reached skill level 10 in Slings
 31786 | Orc:2    | Reached skill level 10 in Bows
 31786 | Orc:2    | Reached skill level 10 in Crossbows
 31786 | Orc:2    | Reached skill level 10 in Throwing
 31786 | Orc:2    | Reached skill level 10 in Stealth
 31786 | Orc:2    | Reached skill level 10 in Shields
 31786 | Orc:2    | Reached skill level 10 in Unarmed Combat
 31786 | Orc:2    | Reached skill level 10 in Evocations
 31786 | Orc:2    | Reached XP level 17. HP: 131/131 MP: 29/32
 31828 | Orc:2    | Found Haifaur's Assorted Antiques.
 31982 | Orc:2    | Bought a scroll of identify for 64 gold pieces
 32029 | Orc:2    | Reached skill level 11 in Invocations
 32379 | Orc:2    | Found a roughly hewn altar of Beogh.
 32504 | Orc:2    | Found Aheypar's Jewellery Boutique.
 32534 | Orc:2    | Found Wuedutae's Antique Weapon Shop.
 33488 | D:12     | Found an opulent altar of Gozag.
 33557 | D:12     | Found a sacrificial altar of Ru.
 33568 | D:12     | You fall into a shaft and drop 2 floors!
 34875 | D:13     | Noticed Nessos
 34912 | D:13     | Killed Nessos
 35129 | D:13     | Bought a scroll of acquirement for 572 gold pieces
 35130 | D:13     | Got a sparkling bronze ring
 35132 | D:13     | Identified the ring of Cenaask {rN+ MR+ Str+2} (You
                  | acquired it on level 13 of the Dungeon)
 35325 | D:13     | Bought a scroll of identify for 22 gold pieces
 35325 | D:13     | Bought a scroll of identify for 22 gold pieces
 35506 | D:13     | Found a gate to the Vaults.
 35806 | D:14     | Found a runed translucent door.
 36163 | D:15     | Entered Level 15 of the Dungeon
 37139 | D:15     | Reached XP level 18. HP: 139/139 MP: 33/33
 37302 | D:15     | Found Zec Kuw's Armour Emporium.
 37310 | D:15     | Bought a +1 pair of boots of running for 547 gold pieces
 37406 | D:15     | Found a staircase to the Depths.
 37763 | Orc:2    | Bought an uncursed ring of flight for 227 gold pieces
 37817 | Orc:2    | Bought the ring "Yshrizxa" {rElec rF++ MR+} for 960 gold
                  | pieces
 38055 | Shoals:1 | Entered Level 1 of the Shoals
 39255 | Shoals:2 | Reached skill level 12 in Invocations
 40195 | Shoals:3 | Found Lepsis's Antique Armour Emporium.
 40272 | Shoals:3 | Bought a faintly glowing buckler for 351 gold pieces
 40911 | Shoals:4 | Entered Level 4 of the Shoals
 41302 | Shoals:4 | Got a vibrating iron ring
 41331 | Shoals:4 | Found Hesuggaf's Antique Armour Emporium.
 41334 | Shoals:4 | Bought a glowing scarf for 208 gold pieces
 41719 | Shoals:4 | Got a barnacled rune of Zot
 42380 | Shoals:4 | Reached skill level 10 in Conjurations
 42380 | Shoals:4 | Reached skill level 10 in Hexes
 42380 | Shoals:4 | Reached skill level 10 in Summonings
 42380 | Shoals:4 | Reached skill level 10 in Necromancy
 42380 | Shoals:4 | Reached skill level 10 in Translocations
 42380 | Shoals:4 | Reached skill level 10 in Transmutations
 42380 | Shoals:4 | Reached skill level 10 in Fire Magic
 42380 | Shoals:4 | Reached skill level 10 in Ice Magic
 42380 | Shoals:4 | Reached skill level 10 in Air Magic
 42380 | Shoals:4 | Reached skill level 10 in Earth Magic
 42380 | Shoals:4 | Reached skill level 10 in Poison Magic
 42751 | Shoals:4 | Reached XP level 19. HP: 87/147 MP: 32/35
 43078 | Shoals:4 | Identified the ring "Riwk" {Fire rElec Int+8 Slay-3} (You
                  | found it on level 4 of the Shoals)
 43719 | Spider:1 | Entered Level 1 of the Spider Nest
 45915 | Spider:2 | Reached skill level 13 in Invocations
 46935 | Spider:3 | Noticed Donald
 46960 | Spider:3 | Killed Donald
 48006 | Spider:4 | Entered Level 4 of the Spider Nest
 48816 | Spider:4 | Identified the cursed +0 pair of gloves of Kagof {rF+ MR+}
 48816 | Spider:4 | Noticed Nikola
 48836 | Spider:4 | Killed Nikola
 49088 | Spider:4 | Reached XP level 20. HP: 135/156 MP: 34/37
 49485 | Spider:4 | Got a gossamer rune of Zot
 50275 | Shoals:3 | Identified the +1 buckler of Listlessness {*Corrode rElec
                  | Int+4 Slay+5} (You bought it in a shop on level 3 of the
                  | Shoals)
 51147 | Vaults:1 | Entered Level 1 of the Vaults
 52382 | Vaults:1 | You fall into a shaft and drop 1 floor!
 52704 | Vaults:2 | Reached skill level 14 in Invocations
 53062 | Vaults:2 | Reached XP level 21. HP: 164/164 MP: 35/38
 53657 | Vaults:2 | Found a staircase to the Crypt.
 53850 | Vaults:2 | Learned a level 4 spell: Leda's Liquefaction
 53855 | Vaults:2 | Learned a level 4 spell: Cause Fear
 53860 | Vaults:2 | Learned a level 4 spell: Olgreb's Toxic Radiance
 55016 | Vaults:3 | Got a crude brass ring
 55017 | Vaults:3 | Identified the ring "Pehuutue" {rPois MR+} (You acquired it
                  | on level 3 of the Vaults)
 55857 | Vaults:3 | Found Fahyoca's Assorted Antiques.
 55862 | Vaults:3 | Bought a scroll of blinking for 202 gold pieces
 56227 | Vaults:3 | Reached XP level 22. HP: 172/172 MP: 40/40
 57032 | Vaults:4 | Found Reorix Dyocw's Food Shop.
 57134 | Vaults:4 | Noticed Mara
 57136 | Vaults:4 | Noticed Bodigarde's illusion
 57390 | Vaults:4 | Noticed Bodigarde's illusion
 57692 | Vaults:3 | Reached skill level 15 in Invocations
 57701 | Vaults:4 | Noticed Bodigarde's illusion
 57714 | Vaults:4 | Killed Mara
 58457 | Vaults:4 | Identified the +10 arbalest of Checks and Balances {flame,
                  | rPois MP-9 Stlth+}
 58818 | Depths:1 | Entered Level 1 of the Depths
 59333 | Depths:1 | Learned a level 2 spell: Song of Slaying
 59472 | Depths:1 | Found a runed translucent gate.
 59484 | Depths:1 | Found a runed translucent gate.
 59484 | Depths:1 | Found a runed translucent gate.
 59484 | Depths:1 | Noticed Cimmios's ghost (veteran BaIE)
 59486 | Depths:1 | Noticed seehj's ghost (adept HOFE)
 59486 | Depths:1 | Noticed Aptuppu's ghost (adept DgCj)
 59486 | Depths:1 | Noticed Ydikaet's ghost (veteran TrMo)
 59951 | Depths:1 | Found Ditoon's Armour Emporium.
 59951 | Depths:1 | Found Zeetuh's Assorted Antiques.
 59959 | Depths:1 | Bought a dog-eared papyrus book for 465 gold pieces
 59961 | Depths:1 | Learned a level 1 spell: Confusing Touch
 60234 | Depths:1 | Bought the +1 pair of gloves "Osidet" {rF+ Dex+3} for 655
                  | gold pieces
 60290 | Depths:1 | Reached skill level 15 in Spellcasting
 60390 | Depths:1 | Reached XP level 23. HP: 163/180 MP: 36/42
 60679 | Depths:1 | Found a gateway to Hell.
 60846 | Depths:2 | Found a runed translucent door.
 60847 | Depths:2 | Noticed dracomuter's ghost (veteran TrCK)
 61095 | Depths:2 | Reached skill level 15 in Fighting
 61095 | Depths:2 | Reached skill level 15 in Polearms
 61095 | Depths:2 | Reached skill level 15 in Dodging
 61464 | Depths:2 | Found a gateway to a ziggurat.
 62449 | Depths:2 | Identified the cursed +3 trident "Bihudynt" {flame, Dex+4}
 62677 | Depths:2 | Noticed a juggernaut
 62698 | Depths:2 | Killed a juggernaut
 62731 | Depths:2 | Found the +3 Elemental Staff {rElec rF++ rC++ MR++ AC+5}
 63627 | Depths:3 | Found a one-way gate leading to the halls of Pandemonium.
 63633 | Depths:3 | Reached skill level 15 in Armour
 63764 | Depths:3 | Reached skill level 16 in Invocations
 64337 | Depths:3 | Reached XP level 24. HP: 159/189 MP: 38/42
 64845 | Depths:3 | Reached skill level 15 in Short Blades
 64845 | Depths:3 | Reached skill level 15 in Long Blades
 64845 | Depths:3 | Reached skill level 15 in Axes
 64845 | Depths:3 | Reached skill level 15 in Maces & Flails
 64845 | Depths:3 | Reached skill level 15 in Staves
 64845 | Depths:3 | Reached skill level 15 in Slings
 64845 | Depths:3 | Reached skill level 15 in Bows
 64845 | Depths:3 | Reached skill level 15 in Crossbows
 64845 | Depths:3 | Reached skill level 15 in Throwing
 64845 | Depths:3 | Reached skill level 15 in Stealth
 64845 | Depths:3 | Reached skill level 15 in Shields
 64845 | Depths:3 | Reached skill level 15 in Unarmed Combat
 64845 | Depths:3 | Reached skill level 15 in Evocations
 65644 | Depths:3 | Identified the Grimoire of Curses and Conjuration
 65838 | Depths:4 | Identified the cursed +1 demon trident "Joaceseq" {pain,
                  | +Inv rC+ Int+4}
 65855 | Depths:4 | Noticed a juggernaut
 65860 | Depths:4 | Noticed a caustic shrike
 65927 | Depths:4 | Found a one-way gate to the infinite horrors of the Abyss.
 66351 | Orc:2    | Bought an uncursed ring of resist corrosion for 260 gold
                  | pieces
 66998 | Depths:4 | Killed a caustic shrike
 67451 | Depths:4 | Killed a juggernaut
 67993 | Depths:4 | Reached XP level 25. HP: 197/197 MP: 40/43
 68652 | Depths:5 | Entered Level 5 of the Depths
 69539 | Depths:5 | Found a gate to the Realm of Zot.
 70508 | Depths:5 | Reached skill level 17 in Invocations
 70795 | Depths:2 | Identified the +3 plate armour of the Lion {rElec Str+3}
                  | (You found it on level 2 of the Depths)
 70980 | D:11     | Killed matti1234's ghost
 71028 | D:11     | Learned a level 5 spell: Summon Mana Viper
 71050 | D:11     | Learned a level 6 spell: Deflect Missiles
 71057 | D:11     | Learned a level 6 spell: Statue Form
 71332 | Vaults:4 | Bought the amulet of Toul Wao {Reflect rF+ Dex+5 Slay+2
                  | SH+3} for 777 gold pieces
 71421 | Vaults:5 | Entered Level 5 of the Vaults
 71440 | Vaults:5 | Killed from afar by a deep elf annihilator

Levels and vault maps discovered:
D:1:      minmay_arrival_semitransparent, layout_rooms
D:2:      layout_basic, serial_rivers, chequers_serial_rivers_micro_a,
          chequers_serial_rivers_large_b, chequers_serial_rivers_small_3,
          chequers_serial_rivers_room_a, minmay_shallow_snake_nest
D:3:      layout_basic
D:4:      layout_loops_ring, minitemple, gammafunk_ghost_icy, first_ration
D:5:      layout_basic, trog_hazing_becter, uniq_grinder
D:6:      layout_basic, grunt_temple_overflow_cloverleaf,
          fedhas_bush_and_centaur_altar
D:7:      layout_loops_ring, makhleb_grotto_becter, zin_statuary,
          minmay_temple_entry_stoned_glass
D:8:      layout_gridville, gammafunk_ghost_necromancy, uniq_gastronok
D:9:      layout_stronghold, serial_shops, shop
D:10:     kennysheep_orc_sif_temple, layout_cave_pods,
          due_lair_maze_entry_diamond, basic_altar, grunt_tengu_nest
D:11:     layout_loops_ring, hiddenorc2_lemuel, enter_bailey_3,
          gammafunk_ghost_nasty_kobolds, serial_glass, glass_columns_b,
          glass_columns_c, glass_columns_a, glass_columns_a, glass_columns_b,
          glass_columns_b
D:12:     layout_loops_ring, basic_altar, kennysheep_pointless_box,
          nicolae_ru_sacrificial_ziggurat
D:13:     layout_loops_ring, david_vaults_4, uniq_nessos
D:14:     layout_loops_ring, corexii_hall_statues_l, kennysheep_treasure_room
D:15:     grunt_enter_depths_snipers, layout_basic, special_room
          [special_room_mythical_zoo], nrook_pool_corridor, serial_shops, shop
Lair:1:   dpeg_oklob_gauntlet, layout_loops_ring, gammafunk_ghost_ooze
Lair:2:   gammafunk_lair_enchanted_lake, layout_hall_layers, grunt_megastairs_1,
          lemuel_fruit_fields
Lair:3:   layout_regular_city, spider_nest_entry_rubble
Lair:4:   layout_loops_ring, elwin_shoals_entry_rooms, grunt_megastairs_4,
          uniq_sonja
Lair:5:   layout_long_grid, infiniplex_staircase_pool
Lair:6:   hangedman_lair_tendril_chambers, layout_loops_ring,
          guppyfry_lair_end_dragon, slime_altar_2, wad_woods_antlair
Shoals:1: layout_shoals
Shoals:2: layout_shoals
Shoals:3: layout_shoals, serial_shops,
          nicolae_shop_temple_entry_statues_fountains,
          nicolae_shoals_square_sea_wall
Shoals:4: shoals_end_simple, layout_shoals, serial_shops,
          nicolae_shop_behind_doors, nicolae_shoals_isolated_beach
Spider:1: spiders_nest_a, hangedman_spider_tarantella_strand
Spider:2: layout_chambers
Spider:3: layout_spider_delve, uniq_donald
Spider:4: grunt_spider_rune_parallel, uniq_nikola
Orc:1:    layout_caves
Orc:2:    pubby_orc_utopia, serial_shops
Vaults:1: hangedman_vaults_stream, hangedman_vaults_locks,
          ontoclasm_vaults_chip, v_misc_28, nicolae_vaults_border_crossing,
          v_misc_22, vaults_room_stairs_pillars, v_misc_18,
          nicolae_vaults_little_squares_6, nicolae_vaults_rhombus_7,
          layout_vaults_big_room, serial_shops, nicolae_shop_stone,
          uniq_saint_roka
Vaults:2: grunt_vaults_trifunnel, st_cells, minmay_crypt_entry_simple_corners,
          nicolae_vaults_mini_display_case, vaults_mumra_hexcomb,
          vaults_room_corners, hangedman_vaults_nails, ontoclasm_vaults_idyll,
          v_misc_26, vaults_dpeg_doors, layout_vaults_maze_bifur
Vaults:3: vaults_room_semicircle, v_alt_pattern_4, nicolae_vaults_network_star,
          v_rooms_4, v_misc_4, st_star, v_rooms_3, grunt_vaults_diagonal,
          hangedman_vaults_maws, vaults_room_corners, vaults_room_door_ring,
          nicolae_vaults_little_squares_1, vaults_room_pools,
          layout_vaults_ring, serial_shops, shop
Vaults:4: vaults_room_stairs_pillars, nicolae_vaults_network_quincunx
          [nicolae_vaults_network_quincunx_subvault,
          nicolae_vaults_network_quincunx_subvault,
          nicolae_vaults_network_quincunx_subvault,
          nicolae_vaults_network_quincunx_subvault,
          nicolae_vaults_network_quincunx_subvault], v_pattern_4,
          grunt_vaults_focal, hangedman_vaults_slice, vaults_room_door_hall,
          v_misc_2, nicolae_vaults_yaktaur_gun_rack, vaults_room_semicircle,
          serial_ice_m, layout_vaults_omnicross, serial_shops, shop_statue,
          uniq_mara
Vaults:5: serial_shops
Depths:1: layout_gridlike, corexii_leaking_fountain, pf_hell_entry_tar_spiral,
          gammafunk_ghost_cemetery, roderic_roman_lattice,
          minmay_misc_feat_room, kennysheep_potato, minmay_shoptagon
Depths:2: giant_chief_lemuel, layout_basic, enter_ziggurat_d,
          hangedman_decor_points, muffindrake_ghost_dead_mans_drink, hellmouth_1
Depths:3: hangedman_crystal_crosses_colossus [crystal_crosses_arms_four,
          crystal_crosses_arms_four, crystal_crosses_arms_two,
          crystal_crosses_arms_two], hell_entry, pan_entry
Depths:4: minmay_the_grid_square_5x5_4x4_mashed
          [minmay_the_grid_square_5x5_percent, minmay_the_grid_square_5x5_inset,
          minmay_the_grid_square_5x5_z, minmay_the_grid_square_5x5_three_walls,
          minmay_the_grid_square_5x5_shuriken,
          minmay_the_grid_square_5x5_prize_deathbox,
          minmay_the_grid_square_5x5_prize_monsterx,
          minmay_the_grid_square_5x5_three,
          minmay_the_grid_square_5x5_checkered_statues,
          minmay_the_grid_square_5x5_prize_itemx,
          minmay_the_grid_square_5x5_prize_rear_guard,
          minmay_the_grid_square_5x5_spiral, minmay_the_grid_square_5x5_forky,
          minmay_the_grid_square_5x5_inner_v,
          minmay_the_grid_square_5x5_pentomino_r,
          minmay_the_grid_square_5x5_bridge], layout_gridlike, pan_entry,
          minmay_misc_feat_hallway, abyss_entry, grunt_hell_entry_dis_mu,
          drop_trap
Depths:5: grunt_zot_entry_funnels, layout_gridlike, pf_coc_iceberg,
          serial_sigils, serial_sigils_hangedman_etch,
          serial_sigils_hangedman_snap, serial_sigils_hangedman_confine,
          serial_sigils_hangedman_shear, drop_trap, serial_bayou_shore_b

Skill      XL: |  1  2  3  4  5  6  7  8  9 10 11 12 13 14 15 16 17 18 19 20 21 22 23 24 25 |
---------------+----------------------------------------------------------------------------+-----
Spellcasting   | 5 6 7 8 9 10 11 12 13 14 15 16 | 16.3
Invocations    | 1 2 3 4 5 6 7 8 9 10 11 12 13 14 15 16 17 | 17.0
Short Blades   | 1 2 3 4 5 6 7 8 9 10 11 12 13 14 15 | 15.8
Long Blades    | 1 2 3 4 5 6 7 8 9 10 11 12 13 14 15 | 15.8
Axes           | 1 2 3 4 5 6 7 8 9 10 11 12 13 14 15 | 15.8
Maces & Flails | 1 2 3 4 5 6 7 8 9 10 11 12 13 14 15 | 15.8
Staves         | 1 2 3 4 5 6 7 8 9 10 11 12 13 14 15 | 15.8
Slings         | 1 2 3 4 5 6 7 8 9 10 11 12 13 14 15 | 15.8
Bows           | 1 2 3 4 5 6 7 8 9 10 11 12 13 14 15 | 15.8
Crossbows      | 1 2 3 4 5 6 7 8 9 10 11 12 13 14 15 | 15.8
Throwing       | 1 2 3 4 5 6 7 8 9 10 11 12 13 14 15 | 15.8
Stealth        | 1 2 3 4 5 6 7 8 9 10 11 12 13 14 15 | 15.8
Shields        | 1 2 3 4 5 6 7 8 9 10 11 12 13 14 15 | 15.8
Unarmed Combat | 1 2 3 4 5 6 7 8 9 10 11 12 13 14 15 | 15.8
Evocations     | 1 2 3 4 5 6 7 8 9 10 11 12 13 14 15 | 15.8
Conjurations   | 1 2 3 4 5 6 7 8 9 10 11 12 13 | 13.6
Hexes          | 1 2 3 4 5 6 7 8 9 10 11 12 13 | 13.6
Summonings     | 1 2 3 4 5 6 7 8 9 10 11 12 13 | 13.6
Necromancy     | 1 2 3 4 5 6 7 8 9 10 11 12 13 | 13.6
Translocations | 1 2 3 4 5 6 7 8 9 10 11 12 13 | 13.6
Transmutations | 1 2 3 4 5 6 7 8 9 10 11 12 13 | 13.6
Fire Magic     | 1 2 3 4 5 6 7 8 9 10 11 12 13 | 13.6
Ice Magic      | 1 2 3 4 5 6 7 8 9 10 11 12 13 | 13.6
Air Magic      | 1 2 3 4 5 6 7 8 9 10 11 12 13 | 13.6
Earth Magic    | 1 2 3 4 5 6 7 8 9 10 11 12 13 | 13.6
Poison Magic   | 1 2 3 4 5 6 7 8 9 10 11 12 13 | 13.6
Armour         | 3 4 5 6 7 8 9 10 11 12 13 14 15 | 15.9
Fighting       | 5 6 7 8 9 10 11 12 13 14 15 16 | 16.3
Polearms       | 5 6 7 8 9 10 11 12 13 14 15 16 | 16.3
Dodging        | 5 6 7 8 9 10 11 12 13 14 15 16 | 16.3
Charms         | 6 7 8 9 10 11 12 13 14 | 14.4

Action                   |  1- 3 |  4- 6 |  7- 9 | 10-12 | 13-15 | 16-18 | 19-21 | 22-24 | 25-27 || total
-------------------------+-------+-------+-------+-------+-------+-------+-------+-------+-------++-------
Melee: Spear             |   108 |   203 |   193 |       |       |       |       |       |       ||   504
       Bite              |     7 |    21 |    32 |    54 |   110 |   148 |   335 |   321 |    66 ||  1094
       Punch             |       |     1 |     4 |     3 |     8 |       |       |       |       ||    16
       Trident           |       |       |    25 |    18 |       |       |       |       |       ||    43
       Halberd           |       |       |    62 |   283 |       |       |       |       |       ||   345
       Demon trident     |       |       |       |    67 |   773 |  1036 |  1891 |  1559 |   309 ||  5635
       Sacred scourge    |       |       |       |       |       |       |       |    75 |    42 ||   117
 Fire: Shortbow          |       |    14 |    52 |   253 |    23 |       |       |       |       ||   342
       Hand crossbow     |       |       |       |       |   399 |   885 |   569 |   761 |   173 ||  2787
       Hunting sling     |       |       |       |       |    16 |       |       |       |       ||    16
Throw: Stone             |    52 |    39 |     2 |     5 |       |       |       |       |       ||    98
       Dart              |       |       |     2 |    25 |       |       |       |       |       ||    27
       Boomerang         |       |       |       |       |       |     6 |    56 |     3 |     2 ||    67
 Cast: Infusion          |     1 |     1 |     1 |       |       |     1 |       |       |       ||     4
       Spectral Weapon   |       |     7 |    34 |    60 |    60 |    71 |    80 |    83 |    27 ||   422
       Shroud of Golubri |       |       |    11 |    13 |       |       |       |       |       ||    24
       Regeneration      |       |       |     4 |     1 |       |       |       |       |       ||     5
       Apportation       |       |       |       |     9 |    12 |     3 |       |       |       ||    24
       Blink             |       |       |       |       |       |       |     2 |       |     2 ||     4
       Olgreb's Toxic Ra |       |       |       |       |       |       |     8 |     3 |       ||    11
       Song of Slaying   |       |       |       |       |       |       |       |    18 |       ||    18
       Statue Form       |       |       |       |       |       |       |       |       |     1 ||     1
Invok: Call Merchant     |       |       |       |     1 |     1 |     2 |       |     1 |     3 ||     8
       Potion Petition   |       |       |       |       |     1 |       |     3 |       |       ||     4
 Abil: Evoke Berserk Rag |       |       |       |     5 |       |       |       |       |       ||     5
       Evoke Invisibilit |       |       |       |     3 |     2 |       |     1 |       |     1 ||     7
       Evoke Flight      |       |       |       |       |       |     1 |     1 |       |       ||     2
       End Transformatio |       |       |       |       |       |       |       |       |     1 ||     1
Evoke: Wand              |       |       |     1 |     2 |     7 |       |       |       |       ||    10
       Phial of floods   |       |       |       |       |       |     1 |       |       |     1 ||     2
       Sack of spiders   |       |       |       |       |       |       |     1 |     1 |       ||     2
  Use: Scroll            |     1 |     4 |       |     8 |    16 |     8 |     6 |     2 |     4 ||    49
       Potion            |       |       |     1 |       |     3 |     1 |     2 |     1 |       ||     8
 Stab: Sleeping          |     2 |       |     3 |     5 |    11 |    15 |     5 |    10 |     1 ||    52
       Distracted        |       |       |     2 |     8 |    17 |    18 |    39 |    48 |     6 ||   138
       Invisible         |       |       |       |     4 |    16 |       |    21 |       |       ||    41
       Held in net/web   |       |       |       |       |       |       |     1 |       |       ||     1
  Eat: Chunk             |    11 |     5 |       |       |       |       |       |     1 |       ||    17
       Ration            |       |       |     4 |    12 |    12 |    10 |    13 |    10 |     4 ||    65
Armor: Leather armour    |    11 |    25 |    33 |    52 |     3 |       |       |       |       ||   124
       Ring mail         |       |       |       |    76 |    84 |       |       |       |       ||   160
       Scale mail        |       |       |       |       |    25 |       |       |       |       ||    25
       Shadow dragon sca |       |       |       |       |    22 |   318 |   298 |   284 |    97 ||  1019
       Chain mail        |       |       |       |       |       |       |   310 |       |       ||   310
Dodge: Dodged            |    49 |   106 |   148 |   290 |   287 |   405 |  1012 |   373 |   133 ||  2803
       Deflected         |       |       |       |       |     2 |    63 |    26 |    46 |     5 ||   142
Block: Buckler           |       |       |       |       |    77 |       |       |       |       ||    77
       Shield            |       |       |       |       |    73 |   627 |  1228 |   537 |   208 ||  2673
